 Dungeon Crawl Stone Soup version 0.20.0-14-g326068f (webtiles) character file.

205 Rrauwl the Chopper (level 6, 0/42 HPs)
             Began as a Halfling Monk on June 8, 2017.
             Was a Priest of Zin.
             Killed from afar by ldierk's ghost (2 damage)
             ... with a magic dart
             ... on level 3 of the Dungeon.
             The game lasted 00:09:26 (2525 turns).

Rrauwl the Chopper (Halfling Monk)                  Turns: 2525, Time: 00:09:27

Health: 0/42       AC:  6    Str: 15    XL:     6   Next: 10%
Magic:  5/7        EV: 22    Int: 14    God:    Zin [***...]
Gold:   103        SH:  6    Dex: 25    Spells: 5/5 levels left

rFire    . . .     SeeInvis .   a - +0 hand axe
rCold    . . .     Gourm    .   n - +0 buckler
rNeg     . . .     Faith    .   s - +2 leather armour {MR+}
rPois    ∞         Spirit   .   (no helmet)
rElec    .         Reflect  .   (no cloak)
rCorr    .         Harm     .   (no gloves)
MR       +....                  d - +0 pair of boots (curse)
Stlth    +++.......             (no amulet)
Regen    0.2/turn               g - +2 ring of dexterity
MPRegen  0.1/turn               (no ring)

@: brilliant, agile, vitalised
A: mutation resistance 1
a: Recite, Vitalisation, Imprison, Donate Gold, Renounce Religion


You were on level 3 of the Dungeon.
You worshipped Zin.
Zin was most pleased with you.
You were not hungry.

You visited 1 branch of the dungeon, and saw 3 of its levels.

You collected 114 gold pieces.
You donated 11 gold pieces to Zin.

Inventory:

Hand Weapons
 a - a +0 hand axe (weapon)
 b - a +0 hunting sling
Missiles
 k - 21 stones (quivered)
Armour
 d - a cursed +0 pair of boots (worn)
 n - a +0 buckler (worn)
 s - a +2 leather armour of magic resistance (worn)
Jewellery
 g - a +2 ring of dexterity (left hand)
Scrolls
 e - a scroll of amnesia {unknown}
 h - 3 scrolls of identify {unknown}
 m - a scroll of teleportation {unknown}
 q - 2 scrolls of remove curse {unknown}
Comestibles
 c - 3 bread rations
 f - 7 fruits
 j - 2 meat rations


   Skills:
 - Level 3.0 Fighting
 + Level 4.8 Axes
 + Level 3.5 Slings
 - Level 4.0 Dodging
 - Level 2.1 Stealth
 + Level 1.5 Invocations


You had 5 spell levels left.
You didn't know any spells.

Dungeon Overview and Level Annotations

Branches:
Dungeon (3/15)

Altars:
Ashenzari
Nemelex Xobeh
Zin

Annotations:
D:3 ldierk's ghost, amateur DrCj


Innate Abilities, Weirdness & Mutations

You are small and have problems with some larger weapons.
You are somewhat resistant to further mutation.


Message History

Ldierk's ghost closely misses you. The gnoll misses you.
You slash the gnoll!
You kill the gnoll!
You closely miss ldierk's ghost. Ldierk's ghost hits you.
* * * LOW HITPOINT WARNING * * *
Zin grants you divine stamina. Ldierk's ghost barely misses you.
You hit ldierk's ghost.
Ldierk's ghost is moderately damaged.
Ldierk's ghost completely misses you. x2
You hit ldierk's ghost but do no damage.
Ldierk's ghost is moderately damaged.
Ldierk's ghost casts a spell at you. The magic dart hits you!
* * * LOW HITPOINT WARNING * * *
You closely miss ldierk's ghost.
Ldierk's ghost is moderately damaged.
Ldierk's ghost points at you and mumbles some strange words.
The magic dart hits you!
You die...

,,*
##############.#####....#
,,* #.......#
#.##......## ,,*
#.......# ##g.#......#.
*** #.......#
#.........##. #...)...#
#.#[......#..
#.......#####.#.......#..
#.......##.......########
#.......##........# #
#<..♣..W@)........## #
#..♣_♣..##....)....######
#...♣[..###..............
##.....##.......##..#####
########.......##..#
#..........##..#
#..........###.##
#..........###..#
#..........'.).>#


You could see ldierk's ghost.

Vanquished Creatures
  A jelly (D:2)
  2 orc priests (D:3)
  3 gnolls (D:3)
  An adder (D:2)
  2 worms
  4 dart slugs (D:1)
  2 leopard geckos (D:2)
  3 orcs (D:3)
  A giant cockroach (D:2)
  6 goblins
  7 hobgoblins
  7 jackals (D:1)
  6 bats
  5 frilled lizards
  5 kobolds
  A quokka skeleton (D:2)
  8 rats
64 creatures vanquished.

Notes
Turn   | Place    | Note
-------+----------+-------------------------------------------
     0 | D:1      | Rrauwl the Halfling Monk began the quest for the Orb.
     0 | D:1      | Reached XP level 1. HP: 15/15 MP: 1/1
    50 | D:1      | Reached XP level 2. HP: 10/20 MP: 2/2
   631 | D:1      | Reached XP level 3. HP: 21/25 MP: 3/3
  1196 | D:2      | Reached XP level 4. HP: 28/30 MP: 4/4
  1601 | D:2      | Found a sparkling altar of Nemelex Xobeh.
  1601 | D:2      | Found a transporter.
  1648 | D:2      | Reached skill level 1 in Slings
  2048 | D:3      | Found a faded altar of an unknown god.
  2078 | D:3      | Became a worshipper of Zin the Law-Giver
  2078 | D:3      | Reached * piety under Zin
  2078 | D:3      | Reached ** piety under Zin
  2078 | D:3      | Reached *** piety under Zin
  2104 | D:3      | Reached XP level 5. HP: 36/36 MP: 5/5
  2171 | D:3      | Found a shattered altar of Ashenzari.
  2352 | D:3      | Reached skill level 1 in Invocations
  2432 | D:3      | Noticed ldierk's ghost (amateur DrCj)
  2500 | D:3      | Reached XP level 6. HP: 38/42 MP: 5/7
  2524 | D:3      | HP: 2/42 [ldierk's ghost/magic dart (5)]
  2525 | D:3      | Killed from afar by ldierk's ghost

Skill      XL: |  1  2  3  4  5 |
---------------+----------------+-----
Dodging        | 4 |  4.0
Fighting       | 3 |  3.0
Axes           | 4 |  4.8
Slings         | 2 3 |  3.5
Invocations    | 1 |  1.5
Stealth        | |  2.1

Action                   |  1- 3 |  4- 6 || total
-------------------------+-------+-------++-------
Melee: Hand axe          |    78 |    60 ||   138
 Fire: Hunting sling     |       |    82 ||    82
Throw: Throwing net      |       |     1 ||     1
Invok: Vitalisation      |       |     1 ||     1
  Use: Potion            |       |     6 ||     6
       Scroll            |       |     1 ||     1
 Stab: Sleeping          |     7 |     2 ||     9
  Eat: Chunk             |     1 |     4 ||     5
Armor: Robe              |    12 |     1 ||    13
       Leather armour    |       |    10 ||    10
Dodge: Dodged            |    80 |    95 ||   175
Block: Buckler           |     7 |    26 ||    33
